AoeStats
← THL

Arabia

507196735Analyzed
1v1 RM · 16d ago on Sep 17, 2026· 26m 48s· 2 players
Game mode
Random Map
Map size
Tiny (2 player)
Population
200
Speed
Normal
Resources
Standard
Victory
Conquest
Starting age
Dark Age
Ending age
Imperial Age
RankedLock teamsTeams togetherTeam positionsShared explorationLock speedFull tech treeHidden civsTurbo modeCheats
Victory
Defeat
🇻🇳 Tatars · Vietnam
1764
+13
🇨🇦 Armenians · Canada
1702
-13
mkmmcleod
10:18 Feudal Age
8:34 Loom
10:57 Man-at-Arms
15:03 Long Swordsman
16:45 Double-Bit Axe
19:23 Scale Mail Armor
22:44 Castle Age
20:37 Fletching
20:51 Scale Mail Armor
21:00 Fletching
22:06 Padded Archer Armor
23:39 Bodkin Arrow
24:44 Elite Skirmisher
25:58 Leather Archer Armor
THL
6:02 Loom
9:29 Feudal Age
10:18 Double-Bit Axe
16:55 Fletching
21:16 Castle Age
21:55 Bodkin Arrow
22:27 Bow Saw
21:50 Crossbowman
24:29 Ballistics
25:33 Padded Archer Armor
26:45 Wheelbarrow
26:44 Leather Archer Armor
Connection lost

Rejoining the realm…

Still unreachable

The connection could not be restored.

Session expired

The server has moved on; the page needs a fresh start.